Map: Whirlwind LE (Void)

Players

Musumeci

  • Race: Zerg Zerg
  • League: Diamond
  • Spawn Location: 7:00

Roxan - Winner!

  • Race: Protoss Protoss
  • League: Diamond
  • Spawn Location: 11:00

VOD

Have the link to the VOD?

Description

Time

  • Played on: Jan. 3, 2017, 7:16 a.m.
  • Length: 12:54
Show
View Real Time Build Order
Export as new Build Order

Musumeci Zerg 

Build Orders: Hatch First 

Get SALT Encoding   

  12  0:02  Drone  
  13  0:10  Drone  
  14  0:23  Drone, Extractor  
  15  0:42  Hatchery  
  14  0:57  Spawning Pool  
  14  0:59  Drone  
  14  1:12  Extractor  
  14  1:13  Drone  
  14  1:15  Drone, Extractor  
  15  1:20  Overlord  
  15  1:40  Drone x2  
  15  1:44  Queen  
  19  1:55  Queen  
  21  2:07  Drone  
  21  2:08  Drone x2  
  24  2:15  Metabolic Boost  
  24  2:20  Drone  
  25  2:25  Drone  
  26  2:45  Drone x2  
  28  2:57  Overlord  
  28  3:12  Hatchery  
  27  3:20  Drone, Baneling Nest  
  27  3:21  Drone x6  
  27  3:24  Drone  
  34  3:29  Overlord  
  33  3:44  Lair  
  33  3:46  Extractor  
  32  3:48  Zergling x4  
  32  3:49  Zergling x2  
  32  3:52  Queen  
  37  4:01  Zergling x4  
  37  4:02  Zergling x2  
  40  4:03  Drone x2  
  40  4:06  Drone  
  43  4:20  Zergling x2  
  44  4:42  Zergling x4  
  44  4:43  Zergling x8  
  50  4:54  Centrifical Hooks  
  50  5:08  Overseer  
  50  5:10  Pneumatized Carapace  
  50  5:14  Evolution Chamber, Extractor  
  50  5:15  Drone x2  
  50  5:17  Overlord  
  50  5:18  Overlord  
  50  5:19  Overlord  
  43  5:37  Zergling x4  
  43  5:38  Zergling x24  
  57  5:48  Overseer  
  48  6:08  Drone x8  
  48  6:09  Drone  
  48  6:11  Zerg Melee Weapons Level 1  
  57  6:17  Zergling x2  
  57  6:18  Zergling x16  
  66  6:22  Baneling x5  
  61  6:56  Zergling x20  
  66  7:15  Drone x7  
  73  7:27  Baneling x2  
  73  7:32  Baneling x3  
  73  7:36  Overlord x4  
  73  7:49  Overlord x3  
  73  7:51  Baneling  
  73  7:52  Baneling x3  
  73  7:56  Baneling x3  
  73  8:03  Zergling x2  
  73  8:04  Zergling x18  
  83  8:26  Hatchery  
  80  8:28  Zergling x22  
  84  8:51  Zergling x8  
  84  8:52  Zergling x4  
  86  9:04  Zergling x2  
  86  9:05  Zergling x6  
  79  9:26  Zergling x10  
  79  9:27  Infestation Pit, Zergling x2  
  79  9:31  Zerg Melee Weapons Level 2  
  84  9:33  Drone  
  84  9:34  Drone  
  84  9:37  Queen  
  88  9:39  Zergling x4  
  90  9:58  Zergling x10  
  90  9:59  Zergling x10  
  98  10:07  Baneling x4  
  98  10:19  Zergling x18  
  99  10:22  Baneling x7  
  99  10:23  Baneling x27  
  62  11:12  Spawning Pool  
  62  11:14  Evolution Chamber  
  48  11:51  Hatchery  
  47  12:00  Zergling x10  
  47  12:01  Zergling x16  
  60  12:09  Extractor  
  60  12:10  Extractor  
  55  12:17  Zergling x6  
Show
View Real Time Build Order
Export as new Build Order

Roxan Protoss - Winner!

Build Orders: Zealot Archon, Dark Templar Rush 

Get SALT Encoding   

  12  0:02  Probe (Chrono Boost)  
  13  0:13  Probe (Chrono Boost)  
  14  0:23  Pylon, Probe (Chrono Boost)  
  15  0:41  Probe (Chrono Boost)  
  16  0:52  Probe (Chrono Boost)  
  17  1:03  Probe (Chrono Boost)  
  18  1:06  Nexus  
  18  1:16  Gateway  
  18  1:20  Probe (Chrono Boost)  
  19  1:27  Assimilator  
  19  1:32  Assimilator  
  19  1:36  Probe (Chrono Boost)  
  20  1:44  Gateway  
  20  1:49  Pylon  
  20  1:52  Probe (Chrono Boost)  
  21  2:06  Probe (Chrono Boost)  
  22  2:10  Cybernetics Core  
  22  2:17  Probe (Chrono Boost)  
  22  2:21  Probe (Chrono Boost)  
  24  2:23  Zealot  
  24  2:28  Probe (Chrono Boost)  
  28  2:38  Probe x2 (Chrono Boost)  
  29  2:47  Warp Gate  
  29  2:49  Twilight Council  
  29  2:54  Pylon  
  29  2:55  Stalker  
  29  2:58  Probe (Chrono Boost)  
  32  3:00  Probe (Chrono Boost)  
  33  3:08  Probe (Chrono Boost)  
  33  3:10  Probe (Chrono Boost)  
  35  3:19  Probe (Chrono Boost)  
  36  3:20  Robotics Facility  
  36  3:27  Probe (Chrono Boost)  
  36  3:29  Probe (Chrono Boost)  
  36  3:32  Dark Shrine  
  38  3:38  Probe (Chrono Boost)  
  38  3:40  Probe (Chrono Boost)  
  40  3:48  Probe (Chrono Boost)  
  40  3:51  Probe (Chrono Boost)  
  40  3:53  Gateway  
  40  3:54  Gateway  
  42  3:59  Probe (Chrono Boost)  
  42  4:01  Probe (Chrono Boost)  
  44  4:05  Warp Prism  
  44  4:06  Pylon  
  46  4:11  Pylon  
  46  4:15  Assimilator  
  46  4:19  Assimilator  
  48  4:25  Probe (Chrono Boost)  
  48  4:26  Probe (Chrono Boost)  
  48  4:32  Pylon  
  48  4:38  Probe x2 (Chrono Boost)  
  50  4:50  Probe x2 (Chrono Boost)  
  51  4:53  Dark Templar  
  51  4:54  Dark Templar x3  
  59  5:10  Probe (Chrono Boost)  
  62  5:21  Probe (Chrono Boost)  
  62  5:22  Probe (Chrono Boost)  
  62  5:27  Nexus  
  62  5:29  Pylon  
  62  5:32  Pylon  
  62  5:33  Immortal  
  58  5:40  Probe x2 (Chrono Boost)  
  64  5:48  Dark Templar x2  
  68  5:53  Zealot x2  
  68  5:54  Mothership Core (Chrono Boost)  
  74  6:02  Blink  
  75  6:12  Probe (Chrono Boost)  
  75  6:13  Gateway  
  75  6:14  Gateway, Probe (Chrono Boost)  
  75  6:16  Gateway  
  75  6:17  Gateway  
  76  6:24  Probe (Chrono Boost)  
  78  6:26  Pylon, Probe (Chrono Boost)  
  78  6:36  Probe (Chrono Boost)  
  78  6:38  Probe (Chrono Boost), Archon x2  
  77  6:48  Probe (Chrono Boost)  
  77  6:50  Probe (Chrono Boost)  
  77  6:52  Robotics Bay  
  78  6:54  Zealot  
  78  6:55  Zealot x3  
  78  6:56  Pylon  
  78  7:00  Probe (Chrono Boost)  
  82  7:02  Probe x2 (Chrono Boost)  
  83  7:13  Probe (Chrono Boost)  
  84  7:22  Assimilator, Probe (Chrono Boost)  
  86  7:23  Probe (Chrono Boost)  
  86  7:24  Stalker x4  
  86  7:25  Stalker  
  86  7:27  Assimilator  
  86  7:29  Pylon  
  96  7:33  Sentry x2  
  96  7:34  Sentry, Colossus  
  96  7:35  Probe (Chrono Boost)  
  96  7:37  Probe x2 (Chrono Boost)  
  105  7:42  Extended Thermal Lance  
  105  7:44  Robotics Facility  
  111  7:46  Pylon  
  111  7:49  Pylon  
  111  7:56  Forge x2  
  111  8:00  Gateway  
  111  8:03  Gateway  
  111  8:21  Colossus  
  111  8:24  Sentry  
  113  8:32  Stalker x2, Nexus  
  113  8:33  Stalker x3, Protoss Ground Weapons Level 1  
  125  8:36  Pylon  
  125  8:41  Probe (Chrono Boost)  
  106  8:42  Probe (Chrono Boost)  
  106  8:52  Probe (Chrono Boost)  
  106  8:54  Probe x2 (Chrono Boost)  
  109  8:57  Stalker  
  109  8:58  Stalker  
  113  9:03  Probe (Chrono Boost)  
  113  9:06  Probe (Chrono Boost)  
  109  9:24  Probe (Chrono Boost)  
  109  9:26  Probe x2 (Chrono Boost)  
  112  9:32  Zealot  
  112  9:33  Stalker x2, Zealot  
  120  9:40  Probe (Chrono Boost)  
  120  9:41  Probe (Chrono Boost)  
  120  9:45  Probe (Chrono Boost)  
  123  9:49  Observer  
  126  9:53  Probe x2 (Chrono Boost)  
  126  9:59  Nexus  
  110  10:55  Nexus  
  110  10:57  Pylon  
  110  10:59  Pylon  
  110  11:29  Colossus  
  110  11:33  Colossus  
  110  11:38  Zealot x5  
  110  11:39  Zealot x2  
  129  11:42  Stalker  
  129  11:43  Stalker, Zealot  
  136  11:55  Probe x2 (Chrono Boost)  
  136  12:00  Probe (Chrono Boost)  
  137  12:07  Probe (Chrono Boost)  
  138  12:21  Observer  
  123  12:48  Zealot x4  
  123  12:49  Zealot x3  
Tags
 
Add a new tag
Caveats
  • Supply blocks, unpowered buildings, or Contaminate may cause inaccurate times.
  • Supply counts are checked every 10 seconds.